 Dungeon Crawl Stone Soup version 0.29.1-12-g30fa7ad0bf (webtiles) character file.

Game seed: 2135762051614091204

205 wormed the Slasher (level 5, -3/45 HPs)
             Began as a Demigod Gladiator on Dec 28, 2022.
             Slain by an iguana (11 damage)
             ... on level 5 of the Dungeon.
             The game lasted 00:06:59 (5146 turns).

wormed the Slasher (Demigod Gladiator)              Turns: 5146, Time: 00:07:00

Health: -3/45      AC:  8    Str: 15    XL:     5   Next: 27%
Magic:  7/7        EV: 12    Int: 10    God:
Gold:   273        SH:  0    Dex: 19    Spells: 4/4 levels left

rFire   + . .      SeeInvis .   n - +0 falchion
rCold   . . .      Faith    .   (no shield)
rNeg    . . .      Spirit   .   s - +2 ring mail {rF+}
rPois   .          Reflect  .   c - +0 helmet
rElec   .          Harm     .   (no cloak)
rCorr   .          Rampage  .   (no gloves)
Will    +....                   (no boots)
Stlth   +.........              (no amulet)
HPRegen 0.15/turn               b - ring of willpower
MPRegen 0.10/turn               (no ring)

@: no status effects
A: high MP 1, forlorn, divine attributes
a: no special abilities


You were on level 5 of the Dungeon.
You visited 1 branch of the dungeon, and saw 5 of its levels.

You collected 273 gold pieces.

Inventory:

Hand Weapons
 n - a +0 falchion (weapon)
Missiles
 d - 2 throwing nets (quivered)
 e - a javelin
Armour
 c - a +0 helmet (worn)
 s - a +2 ring mail of fire resistance (worn)
Jewellery
 b - a ring of willpower (left hand)
 t - a ring of wizardry
Wands
 p - a wand of polymorph (3)
Scrolls
 f - 2 scrolls of blinking {unknown}
 g - 5 scrolls of identify {unknown}
 i - 2 scrolls of fog {unknown}
 j - a scroll of amnesia {unknown}
 m - a scroll of torment {unknown}
 q - a scroll of immolation {unknown}
Potions
 a - a potion of resistance {unknown}
 h - a potion of attraction {unknown}
 k - a potion of heal wounds {unknown}
 l - a potion of cancellation {unknown}
 o - 2 potions of degeneration {unknown}
 r - 2 potions of mutation {unknown}
 u - a potion of lignification {unknown}


   Skills:
 + Level 3.2 Fighting
 * Level 4.8 Long Blades
 - Level 2.0 Throwing
 - Level 3.0 Dodging


You had 4 spell levels left.
You didn't know any spells.
Your spell library contained the following spells:

 Spells                   Type           Power      Damage    Failure   Level
 Magic Dart               Conj           0%         1d3       58%         1
 Call Imp                 Summ           0%         N/A       75%         2
 Mephitic Cloud           Conj/Pois/Air  0%         N/A       92%         3
 Ozocubu's Armour         Ice            0%         N/A       92%         3
 Metabolic Englaciation   Hex/Ice        0%         N/A       100%        5
 Simulacrum               Ice/Necr       0%         N/A       100%        6


Dungeon Overview and Level Annotations

Branches:
Dungeon (5/15)
 Temple: D:4-7

Shops:
D:2 (   D:3 !   D:4 [

Annotations:
D:4 Eustachio


Innate Abilities, Weirdness & Mutations

You have an increased reservoir of magic. (+10% MP)
You shall have no god before yourself.
Your divine heritage dramatically boosts your attributes as you level up.


Message History

The orc is severely wounded.
The orc hits you but does no damage. The iguana closely misses you.
You slash the orc!
You kill the orc!
The iguana bites you.
* * * LOW HITPOINT WARNING * * *
Aiming: Polymorph
Press: ? - help, Shift-Dir - straight line, f - iguana
Aim: an iguana (will become a hobgoblin, a boggart, or an adder, chance to affect: 57%)
The iguana evaporates and reforms as a hobgoblin!
You hit the hobgoblin.
The hobgoblin is lightly wounded.
The hobgoblin misses you.
You hit the hobgoblin but do no damage.
The hobgoblin is lightly wounded.
The hobgoblin hits you but does no damage.
You hit the hobgoblin.
The hobgoblin is severely wounded.
The hobgoblin hits you but does no damage.
The hobgoblin barely misses you.
You hit the hobgoblin.
You kill the hobgoblin!
You start resting.
An iguana is nearby!
An iguana is nearby!
Found 14 gold pieces.
The iguana hisses menacingly.
You hit the iguana.
The iguana is moderately wounded.
The iguana bites you but does no damage.
You hit the iguana.
The iguana is heavily wounded.
The iguana bites you.
* * * LOW HITPOINT WARNING * * *
Aiming: Polymorph
Press: ? - help, Shift-Dir - straight line, f - iguana
Aim: an iguana (heavily wounded, will become an endoplasm, a steam dragon, or a bullfrog, chance to affect: 57%)
The iguana resists with significant effort.
The iguana bites you!
You die...

###....##
.#.....# ..
.......#...
.....##..#
##....#...#
#####..........
#..#...))......
#@l....†.#
...............#
.$#.......#....#
#.##.######..# #
## ####


You could see an iguana.

Vanquished Creatures
  Terence (D:2)
  An iguana (D:5)
  2 orc wizards (D:5)
  2 adders (D:2)
  An ufetubus (D:4)
  4 worms
  6 orcs
  2 endoplasms
  4 giant cockroaches
  7 goblins
  8 hobgoblins
  7 kobolds
  7 quokkas
  4 ball pythons
  A bat (D:1)
  A frilled lizard (D:1)
  3 rats
61 creatures vanquished.

Vanquished Creatures (others)
  A plant (D:1)
1 creature vanquished.

Grand Total: 62 creatures vanquished

Notes
Turn   | Place    | Note
-------+----------+-------------------------------------------
     0 | D:1      | wormed the Demigod Gladiator began the quest for the Orb.
     0 | D:1      | Reached XP level 1. HP: 17/17 MP: 3/3
   577 | D:1      | Reached XP level 2. HP: 24/24 MP: 4/4
   582 | D:1      | Reached skill level 3 in Long Blades
  1246 | D:2      | Noticed Terence
  1289 | D:2      | Found Myhun's Antique Weapon Shoppe.
  2150 | D:2      | Reached XP level 3. HP: 16/29 MP: 5/5
  3006 | D:3      | Found Zeluufam's Distillery.
  4015 | D:4      | Found Alafror's Armour Shop.
  4085 | D:4      | Reached XP level 4. HP: 25/37 MP: 6/6
  4129 | D:4      | Reached skill level 4 in Long Blades
  4437 | D:4      | Noticed Eustachio
  4543 | D:2      | Killed Terence
  4841 | D:4      | Noticed an ogre
  5082 | D:5      | Entered Level 5 of the Dungeon
  5090 | D:5      | Reached XP level 5. HP: 41/45 MP: 7/7
  5146 | D:5      | Slain by an iguana

Illustrated notes

Levels and vault maps discovered:
D:1:      dpeg_arrival_brainrot, layout_basic, serial_forest,
          infiniplex_forest_clump_small, infiniplex_forest_end_2,
          infiniplex_forest_clump_double, infiniplex_forest_corner_1,
          infiniplex_forest_clump_long, infiniplex_forest_clump_curved,
          infiniplex_forest_clump_curved, infiniplex_forest_clump_cross,
          infiniplex_forest_clump_long, minmay_misc_feat_encased
D:2:      layout_basic, serial_shops, nicolae_shop_hallway_stairs, uniq_terence
D:3:      layout_loops_ring, gup_sewer_entry_spiral, serial_shops, shop,
          grunt_ministairs_14
D:4:      layout_rooms, fedhas_ov_isle_minmay, nicolae_stop_n_shop_2,
          kennysheep_generic_room_11, uniq_eustachio
D:5:      layout_cave_pools, amcnicky_altar_gilded,
          minmay_temple_entry_sparse_star, serial_shops, shop,
          minmay_small_thing

Skill      XL: |  1  2  3  4 |
---------------+-------------+-----
Fighting       | 2 3 |  3.2
Long Blades    | 3 4 |  4.8
Throwing       | 2 |  2.0
Dodging        | 3 |  3.0

Action                   |  1- 3 |  4- 6 || total
-------------------------+-------+-------++-------
Melee: Long sword        |   102 |       ||   102
       Punch             |     1 |       ||     1
       Falchion          |    65 |    62 ||   127
Throw: Throwing net      |     1 |       ||     1
Evoke: Wand              |       |     2 ||     2
 Stab: Sleeping          |     2 |       ||     2
       Distracted        |     1 |       ||     1
Armor: Leather armour    |    36 |     3 ||    39
       Ring mail         |       |    23 ||    23
Dodge: Dodged            |   100 |    42 ||   142
